 Dungeon Crawl Stone Soup version 0.20.1-1-g8b1a95d66d (webtiles) character file.

72 Jynx the Ruffian (level 4, 0/35 HPs)
             Began as a Draconian Transmuter on Dec 27, 2017.
             Succumbed to an adder's poison
             ... on level 2 of the Dungeon.
             The game lasted 00:04:19 (1547 turns).

Jynx the Ruffian (Draconian Transmuter)             Turns: 1547, Time: 00:04:20

Health: 0/35       AC:  6    Str: 12    XL:     4   Next: 7%
Magic:  7/7        EV: 12    Int: 15    God:
Gold:   118        SH:  0    Dex: 11    Spells: 2/8 levels left

rFire    . . .     SeeInvis .     - Unarmed
rCold    . . .     Gourm    .   (no shield)
rNeg     . . .     Faith    .   (armour unavailable)
rPois    .         Spirit   .   (helmet restricted)
rElec    .         Reflect  .   (no cloak)
rCorr    .         Harm     .   (no gloves)
MR       .....                  d - +0 pair of boots
Stlth    ++........             (no amulet)
Regen    0.2/turn               (no ring)
MPRegen  0.1/turn               (no ring)

@: lethally poisoned (0 -> -2)
A: unfitting armour, cold-blooded, AC +5
a: no special abilities


You were on level 2 of the Dungeon.
You were hungry.

You visited 1 branch of the dungeon, and saw 2 of its levels.

You collected 118 gold pieces.

Inventory:

Missiles
 a - 12 arrows
Armour
 d - a +0 pair of boots (worn)
Scrolls
 e - a scroll of fear
 h - a scroll of blinking
Books
 b - a book of Changes

   Spells                             Type                      Level
   a - Beastly Appendage              Transmutation                1
   b - Sticks to Snakes               Transmutation                2
   c - Spider Form                    Transmutation/Poison         3
   d - Ice Form                       Ice/Transmutation            4
   e - Blade Hands                    Transmutation                5
Comestibles
 c - a bread ration
 f - 4 fruits


   Skills:
 - Level 1.1 Fighting
 - Level 1.7 Dodging
 + Level 2.0 Stealth
 - Level 3.0 Unarmed Combat
 - Level 2.5 Spellcasting
 + Level 2.9 Transmutations
 + Level 1.2 Poison Magic


You had 2 spell levels left.
You knew the following spells:

 Your Spells              Type           Power        Failure   Level  Hunger
a - Beastly Appendage     Tmut           ##....       6%          1    #......
b - Sticks to Snakes      Tmut           ##......     10%         2    ###....
c - Spider Form           Tmut/Pois      #.........   26%         3    ###....


Dungeon Overview and Level Annotations

Branches:
Dungeon (2/15)

Altars:
Xom
Zin


Innate Abilities, Weirdness & Mutations

Your plain brown scales are hard. (AC +5)
You cannot fit into any form of body armour.
You are cold-blooded and may be slowed by cold attacks.


Message History

The goblin shouts!
Found a hand axe and 3 gold pieces.
A bat comes into view.
* * * LOW HITPOINT WARNING * * *
You feel sick.
Found a leather armour.
A hobgoblin comes into view. It is wielding a club.
* * * LOW HITPOINT WARNING * * *
You feel sick.
Your horns disappear.
The hobgoblin shouts!
* * * LOW HITPOINT WARNING * * *
You feel sick.
A rat comes into view.
Found a dagger.
You see here a leather armour.
* * * LOW HITPOINT WARNING * * *
You feel sick. The hobgoblin closely misses you.
You are feeling hungry.
You die...

#..... .b$.. ##
.....#... .. b. ..
.......... .. #. .#
.......##. ##) #.#
.# ....... #. #..
#..## .# ....... #.
..###.#### #..# .#
....... ..
#........####.###.#
.#.## ...
.####.##....grg.@.#
.##
.......####..#..###
#.
####...##....##....
#.#............)..
# #.
##..##.........# .
#. #..# ###...###.#
# #.#..## ##... #
#.#.# #.#.. . #


You could see a hobgoblin, a goblin and a rat.

Vanquished Creatures
  2 adders (D:2)
  A gnoll (D:1)
  An ooze (D:1)
  A dart slug (D:2)
  A leopard gecko (D:2)
  5 bats (D:1)
  3 giant cockroaches (D:1)
  5 goblins
  7 hobgoblins
  3 jackals (D:1)
  4 kobolds
  A ball python (D:1)
  3 rats
37 creatures vanquished.

Notes
Turn   | Place    | Note
-------+----------+-------------------------------------------
     0 | D:1      | Jynx the Draconian Transmuter began the quest for the Orb.
     0 | D:1      | Reached XP level 1. HP: 16/16 MP: 3/3
    66 | D:1      | Reached skill level 1 in Stealth
    66 | D:1      | Reached XP level 2. HP: 8/23 MP: 3/5
   407 | D:1      | Learned a level 2 spell: Sticks to Snakes
   662 | D:1      | Reached XP level 3. HP: 24/28 MP: 6/6
  1191 | D:1      | Learned a level 3 spell: Spider Form
  1449 | D:2      | Found a shimmering altar of Xom.
  1449 | D:2      | Found a glowing silver altar of Zin.
  1449 | D:2      | Noticed an angel
  1475 | D:2      | Found a faded altar of an unknown god.
  1527 | D:2      | Reached skill level 1 in Poison Magic
  1527 | D:2      | Reached XP level 4. HP: 11/35 MP: 5/7
  1544 | D:2      | HP: 1/35 [poisoned by an adder]
  1547 | D:2      | Succumbed to an adder's poison

Skill      XL: |  1  2  3  4 |
---------------+-------------+-----
Stealth        | 1 2 |  2.0
Poison Magic   | 1 |  1.2
Fighting       | |  1.1
Dodging        | |  1.7
Unarmed Combat | |  3.0
Spellcasting   | |  2.5
Transmutations | |  2.9

Action                   |  1- 3 |  4- 6 || total
-------------------------+-------+-------++-------
Melee: Unarmed           |   171 |     1 ||   172
       Kick              |    11 |       ||    11
       Tailslap          |    12 |       ||    12
       Headbutt          |     5 |     1 ||     6
 Cast: Beastly Appendage |    11 |       ||    11
  Use: Scroll            |     1 |     2 ||     3
 Stab: Sleeping          |     2 |       ||     2
  Eat: Chunk             |     2 |       ||     2
Armor: Skin              |    49 |       ||    49
Dodge: Dodged            |   104 |     3 ||   107
